 Dungeon Crawl Stone Soup version 0.27-a0-1442-g87b6fcb595 (webtiles) character file.

Game seed: 2424335139222317745

56 funkygono the Shield-Bearer (level 3, -6/35 HPs)
             Began as a Gnoll Fighter on July 4, 2021.
             Mangled by Terence (7 damage)
             ... on level 2 of the Dungeon.
             The game lasted 00:01:46 (1207 turns).

funkygono the Shield-Bearer (Gnoll Fighter)         Turns: 1207, Time: 00:01:47

Health: -6/35      AC:  9    Str: 16    XL:     3   Next: 97%
Magic:  13/13      EV:  8    Int:  7    God:
Gold:   23         SH: 10    Dex: 11    Spells: 4/4 levels left

rFire    . . .     SeeInvis .   h - +1 dagger (speed)
rCold    . . .     Faith    .   c - +0 kite shield
rNeg     . . .     Spirit   .   b - +0 scale mail
rPois    .         Reflect  .   (no helmet)
rElec    .         Harm     .   (no cloak)
rCorr    .         Rampage  .   (no gloves)
Will     .....                  i - +0 pair of boots
Stlth    ..........             (no amulet)
HPRegen  0.11/turn              g - ring of wizardry
MPRegen  0.13/turn              n - ring of magical power

@: mighty
A: fangs 1, strong nose, distributed training
a: no special abilities


You were on level 2 of the Dungeon.
You visited 1 branch of the dungeon, and saw 2 of its levels.

You collected 23 gold pieces.

Inventory:

Hand Weapons
 a - a +0 long sword
 h - a +1 dagger of speed (weapon)
Missiles
 f - a throwing net (quivered)
Armour
 b - a +0 scale mail (worn)
 c - a +0 kite shield (worn)
 i - a +0 pair of boots (worn)
Jewellery
 g - a ring of wizardry (left hand)
 n - a ring of magical power (right hand)
Scrolls
 e - a scroll of magic mapping {unknown}
Potions
 d - a potion of might
 k - a potion of heal wounds {unknown}
 m - 2 potions of curing


   Skills:
 + Level 6.5 Fighting
 + Level 1.0 Short Blades
 + Level 4.6 Long Blades
 + Level 1.0 Axes
 + Level 1.0 Maces & Flails
 + Level 1.0 Polearms
 + Level 1.0 Staves
 + Level 1.0 Slings
 + Level 1.0 Bows
 + Level 1.0 Crossbows
 + Level 1.0 Throwing
 + Level 6.5 Armour
 + Level 1.0 Dodging
 + Level 1.0 Stealth
 + Level 6.5 Shields
 + Level 1.0 Unarmed Combat
 + Level 1.0 Spellcasting
 + Level 0.7 Conjurations
 + Level 0.7 Hexes
 + Level 0.7 Summonings
 + Level 0.7 Necromancy
 + Level 0.7 Translocations
 + Level 0.7 Transmutations
 + Level 0.7 Fire Magic
 + Level 0.7 Ice Magic
 + Level 0.7 Air Magic
 + Level 0.7 Earth Magic
 + Level 0.7 Poison Magic
 + Level 1.1 Invocations
 + Level 1.0 Evocations


You had 4 spell levels left.
You didn't know any spells.
Your spell library contained the following spells:

 Spells                   Type           Power      Damage    Failure   Level
 Summon Ice Beast         Ice/Summ       1%         N/A       100%        4
 Summon Mana Viper        Hex/Summ       1%         N/A       100%        5
 Monstrous Menagerie      Summ           0%         N/A       100%        7


Dungeon Overview and Level Annotations

Branches:
Dungeon (2/15)

Altars:

Annotations:
D:2 Terence


Innate Abilities, Weirdness & Mutations

You have very sharp teeth.
Your uncanny sense of smell can sniff out nearby items.
Your experience applies equally to all skills.


Message History

You kill the quokka!
You see here a quokka corpse.
f - a throwing net
d - 2 potions of might (gained 1)
An adder skeleton comes into view.
Terence the Incautious comes into view.
He is wielding a +1 flail of protection.
Terence shouts!
The adder skeleton bites you but does no damage.
Terence drinks a potion.
Terence flickers and vanishes!
Deactivating autopickup; reactivate with Ctrl-A.
You hit the adder skeleton.
The adder skeleton is lightly damaged.
The adder skeleton bites you but does no damage.
You hit the adder skeleton.
The adder skeleton is moderately damaged.
The adder skeleton bites you but does no damage.
You hit the adder skeleton. You bite the adder skeleton.
The adder skeleton is heavily damaged.
You hit the adder skeleton.
The adder skeleton is severely damaged.
You block the adder skeleton's attack.
You hit the adder skeleton.
You destroy the adder skeleton!
You block something's attack.
You barely miss something. Something hits you.
You closely miss something. Something hits you.
You closely miss something. Something hits you!
You closely miss something. You bite something. Something hits you!
You miss something.
Your shield prevents you from hitting something.
You block something's attack.
You hit something. Something hits you.
Your shield prevents you from hitting something.
Something hits you.
* * * LOW HITPOINT WARNING * * *
You hit something but do no damage. You bite something. Something hits you.
* * * LOW HITPOINT WARNING * * *
You feel very mighty all of a sudden. Something hits you!
You die...

#.#.###.#.# #
#.#.....#^##########.#
#.........†....#.....#
#..##..##............#
#..###.######....##.#
###..# #........#.#.# #.
.....###..#####....##...
.##.#....<# ##.###...
.##.#.#...# #@###.##
.##.#.#...# #......#∆
.#....#....#####......#.
.#.#######..............
.#. .............#. .##
#...#........# .#
..#..........#
#..............
###..........##


There were no monsters in sight!

Vanquished Creatures
  An adder skeleton (D:2)
  2 ball pythons (D:1)
  3 endoplasms (D:1)
  3 giant cockroaches (D:1)
  4 goblins (D:1)
  6 hobgoblins (D:1)
  16 jackals (D:1)
  A kobold (D:1)
  3 quokkas
  A rat (D:1)
40 creatures vanquished.

Notes
Turn   | Place    | Note
-------+----------+-------------------------------------------
     0 | D:1      | funkygono the Gnoll Fighter began the quest for the Orb.
     0 | D:1      | Reached XP level 1. HP: 23/23 MP: 1/1
     2 | D:1      | Noticed a djinni
     2 | D:1      | Noticed an octopode
     4 | D:1      | Noticed a formicid
     4 | D:1      | Noticed a tengu
     6 | D:1      | Noticed a vine stalker
     6 | D:1      | Noticed an ogre
     8 | D:1      | Noticed a minotaur
    10 | D:1      | Noticed a spriggan
    12 | D:1      | Noticed a dwarf
    12 | D:1      | Noticed a palentonga
    14 | D:1      | Noticed a felid
    14 | D:1      | Noticed a vampire
    16 | D:1      | Noticed a draconian
    16 | D:1      | Noticed a naga
    18 | D:1      | Noticed a demigod
    18 | D:1      | Noticed a gargoyle
    20 | D:1      | Noticed a troll
    22 | D:1      | Noticed a barachi
    22 | D:1      | Noticed a ghoul
    24 | D:1      | Noticed a merfolk
    24 | D:1      | Noticed an elf
    26 | D:1      | Noticed a human
    26 | D:1      | Noticed a demonspawn
   174 | D:1      | Reached XP level 2. HP: 29/29 MP: 2/2
   258 | D:1      | Reached XP level 3. HP: 35/35 MP: 3/3
   537 | D:1      | Reached skill level 1 in Invocations
   827 | D:1      | Reached skill level 1 in Short Blades
   827 | D:1      | Reached skill level 1 in Axes
   827 | D:1      | Reached skill level 1 in Maces & Flails
   827 | D:1      | Reached skill level 1 in Polearms
   827 | D:1      | Reached skill level 1 in Staves
   827 | D:1      | Reached skill level 1 in Slings
   827 | D:1      | Reached skill level 1 in Bows
   827 | D:1      | Reached skill level 1 in Crossbows
   827 | D:1      | Reached skill level 1 in Throwing
   827 | D:1      | Reached skill level 1 in Dodging
   827 | D:1      | Reached skill level 1 in Stealth
   827 | D:1      | Reached skill level 1 in Unarmed Combat
   827 | D:1      | Reached skill level 1 in Spellcasting
   827 | D:1      | Reached skill level 1 in Evocations
  1185 | D:2      | Noticed Terence
  1206 | D:2      | HP: 1/35 [something (5)]
  1207 | D:2      | Mangled by Terence

Illustrated notes

Levels and vault maps discovered:
D:1:      kb_arrival_jail, layout_basic, minmay_hexomino_f4
D:2:      layout_loops_ring, basic_altar, uniq_terence

Skill      XL: |  1  2  3 |
---------------+----------+-----
Invocations    | 1 |  1.1
Short Blades   | 1 |  1.0
Axes           | 1 |  1.0
Maces & Flails | 1 |  1.0
Polearms       | 1 |  1.0
Staves         | 1 |  1.0
Slings         | 1 |  1.0
Bows           | 1 |  1.0
Crossbows      | 1 |  1.0
Throwing       | 1 |  1.0
Dodging        | 1 |  1.0
Stealth        | 1 |  1.0
Unarmed Combat | 1 |  1.0
Spellcasting   | 1 |  1.0
Evocations     | 1 |  1.0
Fighting       | |  6.5
Long Blades    | |  4.6
Armour         | |  6.5
Shields        | |  6.5
Conjurations   | |  0.7
Hexes          | |  0.7
Summonings     | |  0.7
Necromancy     | |  0.7
Translocations | |  0.7
Transmutations | |  0.7
Fire Magic     | |  0.7
Ice Magic      | |  0.7
Air Magic      | |  0.7
Earth Magic    | |  0.7
Poison Magic   | |  0.7

Action                   || total
-------------------------++-------
Melee: Long sword        ||    71
       Bite              ||    15
       Dagger            ||    82
  Use: Scroll            ||     4
       Potion            ||     1
Armor: Scale mail        ||    49
Dodge: Dodged            ||    30
Block: Kite shield       ||    76
       Rpst.: Long sword ||     7

Table legend: (Time is in decaauts)
 A = Elapsed time spent in this place.
 B = Non-inter-level travel time spent in this place.
 C = Inter-level travel time spent in this place.
 D = Time resting spent in this place.
 E = Time spent auto-exploring this place.
 F = Levels seen in this place.
 G = Mean time per level.
                   A        B        C        D        E       F      G
               +--------+--------+--------+--------+--------+-----+--------+
         Total |   1214 |   1210 |      4 |     23 |    904 |   2 |  607.0 |
       Dungeon |   1214 |   1210 |      4 |     23 |    904 |   2 |  607.0 |
               +--------+--------+--------+--------+--------+-----+--------+

Top non-repeatable levels by time:
     D:1: 1152 daAuts
     D:2: 61 daAuts
